 Dungeon Crawl Stone Soup version 0.19.5 (webtiles) character file.

45430 McKennaii the Eclecticist (level 14, 0/72 HPs)
             Began as a Deep Elf Fire Elementalist on May 16, 2017.
             Was a High Priest of Sif Muna.
             Killed by divine providence
             ... invoked by a meliai
              (17 damage)
             ... on level 15 of the Dungeon.
             The game lasted 01:04:49 (21859 turns).

McKennaii the Eclecticist (DEFE)                   Turns: 21859, Time: 01:04:50

Health: 0/72       AC:  9    Str:  5    XL:     14   Next: 1%
Magic:  3/37       EV: 17    Int: 26    God:    Sif Muna [*****.]
Gold:   725        SH:  0    Dex: 19    Spells: 6 memorised, 23 levels left

rFire  + . .     SeeInvis .     K - +1 double sword
rCold  + + .     Gourm    +     w - +2 robe {rC+ rF+}
rNeg   . . .     Faith    .     (no shield)
rPois  .         Spirit   .     N - +1 helmet
rElec  .         Reflect  .     s - +0 cloak
rCorr  .         Harm     .     P - +1 pair of gloves
MR     +....                    (no boots)
Stlth  +++.......               k - amulet of the gourmand
                                T - +4 ring of dexterity
                                R - ring of protection from cold

@: deflect missiles
A: no striking features
a: Divine Energy, Channel Magic, Forget Spell, Renounce Religion


You were on level 15 of the Dungeon.
You worshipped Sif Muna.
Sif Muna was extremely pleased with you.
You were very full.

You visited 1 branch of the dungeon, and saw 15 of its levels.

You collected 725 gold pieces.

Inventory:

Hand Weapons
 K - a +1 double sword (weapon)
Armour
 s - a +0 cloak (worn)
 w - a +2 robe of resistance (worn)
 N - a +1 helmet (worn)
 P - a +1 pair of gloves (worn)
Jewellery
 k - an amulet of the gourmand (around neck)
 B - an uncursed ring of ice
 R - a ring of protection from cold (left hand)
 T - a +4 ring of dexterity (right hand)
Wands
 b - a wand of iceblast (10/15)
 y - a wand of confusion (18/48)
 L - a wand of iceblast (5/15)
 Q - a wand of paralysis (8/24)
Scrolls
 a - a scroll of amnesia
 d - 2 scrolls of enchant armour
 h - 3 scrolls of remove curse
 i - a scroll of summoning {unknown}
 m - 4 scrolls of identify
 o - 7 scrolls of recharging
 v - 2 scrolls of immolation
 z - 2 scrolls of enchant weapon
 H - 4 scrolls of fog
 J - 4 scrolls of magic mapping
Potions
 e - 4 potions of cancellation
 g - 7 potions of curing
 l - a potion of ambrosia
 p - 5 potions of flight
 q - 2 potions of agility
 t - a potion of might
 x - 2 potions of berserk rage
 A - 2 potions of lignification
 D - 2 potions of mutation
 E - 2 potions of brilliance
 F - a potion of cure mutation
Books
 f - Sif Muna's Grimoire of Enthralling Conjuration
   (Sif Muna gifted it to you on level 11 of the Dungeon)

   Spells                             Type                      Level
   a - Gell's Gravitas                Hexes/Translocation          3
   b - Iskenderun's Mystic Blast      Conjuration                  4
   c - Bolt of Fire                   Conjuration/Fire             6
   d - Lehudib's Crystal Spear        Conjuration/Earth            8
 r - Delaudgh's Incunabulum of Confrontation
   (Sif Muna gifted it to you on level 13 of the Dungeon)

   Spells                             Type                      Level
   a - Throw Flame                    Conjuration/Fire             2
   b - Dazzling Spray                 Conjuration/Hexes            3
   c - Venom Bolt                     Conjuration/Poison           5
   d - Bolt of Cold                   Conjuration/Ice              6
 C - a book of Battle

   Spells                             Type                      Level
   a - Infusion                       Charms                       1
   b - Shroud of Golubria             Charms/Translocation         2
   c - Song of Slaying                Charms                       2
   d - Spectral Weapon                Hexes/Charms                 3
   e - Regeneration                   Charms/Necromancy            3
 I - a book of Air

   Spells                             Type                      Level
   a - Shock                          Conjuration/Air              1
   b - Swiftness                      Charms/Air                   2
   c - Repel Missiles                 Charms/Air                   2
   d - Static Discharge               Conjuration/Air              3
   e - Lightning Bolt                 Conjuration/Air              5
Comestibles
 c - 7 bread rations
 j - 5 meat rations
 u - 6 beef jerkies
 M - a royal jelly
 O - 38 fruits


   Skills:
 + Level 2.3 Fighting
 + Level 3.1 Long Blades
   Level 2.6 Staves
 + Level 1.4 Armour
 + Level 6.5 Dodging
 + Level 5.0 Stealth
 + Level 17.3 Spellcasting
 + Level 13.1 Conjurations
 + Level 6.8 Charms
 + Level 13.6 Fire Magic
 - Level 3.1 Air Magic
 + Level 0.7 Invocations


You had 23 spell levels left.
You knew the following spells:

 Your Spells              Type           Power        Failure   Level  Hunger
a - Throw Flame           Conj/Fire      ######       0%          2    None
c - Conjure Flame         Conj/Fire      ######..     1%          3    None
d - Iskenderun's Battles  Conj/Chrm      ######..     1%          5    None
e - Deflect Missiles      Chrm/Air       #####.....   50%         6    ###....
f - Fireball              Conj/Fire      ######....   1%          5    None
g - Dazzling Spray        Conj/Hex       ######       1%          3    None


Dungeon Overview and Level Annotations

Branches:
Dungeon (15/15)            Temple (0/1) D:6            Lair (0/6) D:10
    Orc (0/2) D:12         Vaults (0/5) D:14
 Depths: D:15

Altars:
Elyvilon
Gozag
Kikubaaqudgha
Okawaru
Ru
Sif Muna
Trog
Vehumet
Yredelemnul
The Shining One

Shops:
D:7 %   D:8 !

Annotations:
D:3 siprus's ghost, amateur DsAK


Message History

You feel better. The meliai hits you but does no damage. The meliai stings you!
* * * LOW HITPOINT WARNING * * *
The meliai hits you with a hand axe.
* * * LOW HITPOINT WARNING * * *
The meliai misses you.
The centaur warrior skeleton hits you but does no damage.
The meliai closely misses you. x2
You feel better.
Your surroundings suddenly seem different.
Okay, then.
Okay, then.
Casting: Fireball
Confirm with . or Enter, or press ? or * to list all spells.
Aiming: Fireball
Press: ? - help, Shift-Dir - straight line The fireball explodes!
The fireball engulfs the meliai.
The meliai is severely wounded.
The meliai calls down the wrath of its god upon you.
Something smites you!
You die...

.... ####
#@.# #.....#
##.....#...
......... ...
.....#...
....
.........#
#....
...##.y..#
..... .#.....
....# #...#
..... .#.....
##.y####.....


You could see a meliai.

Vanquished Creatures
  A dire elephant (D:15)
  Josephine (D:15)
  A yaktaur captain (D:14)
  2 centaur warriors
  A hydra (D:15)
  A death knight (D:14)
  An ogre mage (D:15)
  A tengu warrior (D:12)
  Urug (D:13)
  An unseen horror (D:14)
  A phantasmal warrior (D:14)
  4 hill giants
  An orc knight (D:13)
  5 ugly things (D:13)
  An orc sorcerer (D:14)
  2 deep elf magi (D:13)
  4 cyclopes
  4 manticores
  3 centaur zombies
  3 centaur skeletons
  A gargoyle (D:10)
  2 yaktaurs
  2 torpor snails (shapeshifter) (D:14)
  A kobold demonologist (D:12)
  A freezing wraith (D:14)
  A meliai (D:15)
  10 trolls
  A jumping spider (D:14)
  8 two-headed ogres
  4 hornets
  6 hippogriffs
  16 slime creatures
  A centaur simulacrum (D:15)
  8 wraiths
  A shadow (D:11)
  5 redbacks (D:14)
  A vampire (D:13)
  22 yaks
  2 humans (D:7)
  5 wyverns
  A hungry ghost (D:12)
  A basilisk (D:15)
  4 vampire mosquitoes
  A soldier ant (D:13)
  A soldier ant (shapeshifter) (D:13)
  A porcupine (shapeshifter) (D:13)
  6 ice beasts
  4 sky beasts
  2 black bears
  11 orc warriors
  6 phantoms
  2 eyes of draining
  4 necrophages
  9 ogres
  4 centaurs
  A big kobold (D:9)
  A crocodile (D:10)
  11 bullfrogs
  A wyvern zombie (D:14)
  2 wyvern skeletons
  2 water moccasin skeletons
  10 killer bees
  A scorpion (D:13)
  8 wights
  4 bullfrog zombies
  7 crimson imps
  A quasit (D:7)
  7 hounds
  3 jellies
  Crazy Yiuf (D:2)
  2 bullfrog skeletons
  8 orc priests
  Jessica (D:3)
  Terence (D:2)
  19 orc wizards
  Natasha (thrice) (D:2)
  16 worker ants
  A hound skeleton (D:5)
  A howler monkey zombie (D:10)
  A worker ant zombie (D:10)
  17 adders
  4 shadow imps
  An ooze (D:1)
  2 adder skeletons
  5 worms
  A dart slug (D:1)
  4 leopard geckos
  65 orcs
  6 giant cockroaches
  5 goblins
  4 hobgoblins
  8 jackals
  4 quokkas
  A ball python (D:1)
  10 bats
  7 frilled lizards
  A jackal skeleton (D:7)
  14 kobolds
  A quokka zombie (D:5)
  9 rats
476 creatures vanquished.

Notes
Turn   | Place    | Note
-------+----------+-------------------------------------------
     0 | D:1      | McKennaii the Deep Elf Fire Elementalist began the quest for the Orb.
     0 | D:1      | Reached XP level 1. HP: 10/10 MP: 6/6
    49 | D:1      | Reached XP level 2. HP: 15/15 MP: 1/8
   434 | D:2      | Noticed Natasha
   442 | D:2      | Killed Natasha
   442 | D:2      | Reached XP level 3. HP: 16/19 MP: 2/9
   446 | D:2      | Learned a level 2 spell: Throw Flame
   450 | D:2      | Learned a level 3 spell: Conjure Flame
   489 | D:2      | Noticed Natasha
   496 | D:2      | Killed Natasha
   496 | D:2      | Reached XP level 4. HP: 24/24 MP: 4/11
   583 | D:2      | Noticed Natasha
   589 | D:2      | Killed Natasha
   726 | D:2      | Noticed Terence
   990 | D:2      | Found a runed door.
  1085 | D:2      | Killed Terence
  1085 | D:2      | Reached skill level 4 in Spellcasting
  1085 | D:2      | Reached XP level 5. HP: 27/28 MP: 0/13
  1191 | D:2      | Found a deep blue altar of Sif Muna.
  1402 | D:2      | Became a worshipper of Sif Muna the Loreminder
  1454 | D:2      | Noticed Crazy Yiuf
  1459 | D:2      | Killed Crazy Yiuf
  1459 | D:2      | Reached skill level 5 in Fire Magic
  1695 | D:3      | Noticed siprus's ghost (amateur DsAK)
  1837 | D:3      | Found an opulent altar of Gozag.
  1885 | D:3      | Found a glowing golden altar of the Shining One.
  1891 | D:3      | Noticed Jessica
  1894 | D:3      | Killed Jessica
  2049 | D:3      | Reached XP level 6. HP: 32/32 MP: 9/15
  2067 | D:3      | Learned a level 5 spell: Fireball
  2691 | D:2      | Reached skill level 5 in Spellcasting
  3245 | D:4      | Reached skill level 1 in Armour
  3309 | D:4      | Reached * piety under Sif Muna
  3381 | D:4      | Found an opulent altar of Gozag.
  3544 | D:4      | Reached XP level 7. HP: 33/36 MP: 13/17
  3744 | D:5      | Entered Level 5 of the Dungeon
  3883 | D:5      | Reached skill level 6 in Spellcasting
  4387 | D:5      | Found a basalt altar of Yredelemnul.
  4393 | D:5      | Found a sacrificial altar of Ru.
  4394 | D:5      | Found a radiant altar of Vehumet.
  4396 | D:5      | Found an ancient bone altar of Kikubaaqudgha.
  4398 | D:5      | Found a bloodstained altar of Trog.
  5188 | D:6      | Reached skill level 7 in Spellcasting
  5188 | D:6      | Reached skill level 5 in Conjurations
  5188 | D:6      | Reached XP level 8. HP: 37/41 MP: 8/20
  5405 | D:6      | Reached ** piety under Sif Muna
  5784 | D:6      | Reached skill level 8 in Spellcasting
  6081 | D:6      | Reached skill level 1 in Staves
  6115 | D:6      | Found a staircase to the Ecumenical Temple.
  6144 | D:6      | Got a translucent war axe
  6155 | D:6      | Got an ichor-stained rapier
  6298 | D:6      | Identified the +1 rapier of Lies {drain, *Rage rN+ Str+6 Stlth+} (You found it on level 6 of the Dungeon)
  6299 | D:6      | Identified the +7 war axe of the New World {antimagic, *Noise rF++} (You found it on level 6 of the Dungeon)
  6436 | D:7      | Found Dybbili's Food Boutique.
  6490 | D:7      | Found an iron altar of Okawaru.
  6955 | D:7      | Reached skill level 9 in Spellcasting
  6955 | D:7      | Reached XP level 9. HP: 46/46 MP: 19/24
  7186 | D:7      | Reached *** piety under Sif Muna
  7481 | D:7      | Reached skill level 1 in Fighting
  7774 | D:8      | Reached skill level 10 in Spellcasting
  8162 | D:8      | Found Unit's Distillery.
  8509 | D:9      | Noticed a fire crab
  8509 | D:9      | an eye of draining changed into a fire crab
  8530 | D:9      | Noticed a salamander
  8606 | D:9      | Reached **** piety under Sif Muna
  8993 | D:9      | Reached skill level 11 in Spellcasting
  8993 | D:9      | Reached XP level 10. HP: 52/52 MP: 20/27
  9385 | D:9      | Reached ***** piety under Sif Muna
  9745 | D:10     | Entered Level 10 of the Dungeon
  9752 | D:10     | Found a staircase to the Lair.
  9775 | D:10     | Identified Sif Muna's Guide on Boosts (Sif Muna gifted it to you on level 10 of the Dungeon)
  9775 | D:10     | Received a gift from Sif Muna
  9783 | D:10     | Learned a level 5 spell: Iskenderun's Battlesphere
  9851 | D:10     | Noticed a gargoyle
  9859 | D:10     | Killed a gargoyle
 10148 | D:10     | Reached skill level 12 in Spellcasting
 10558 | D:10     | Reached skill level 10 in Fire Magic
 10948 | D:10     | Learned a level 6 spell: Deflect Missiles
 11058 | D:11     | Reached skill level 1 in Charms
 11715 | D:11     | Reached XP level 11. HP: 56/56 MP: 25/29
 11730 | D:11     | Noticed a hill giant
 11733 | D:11     | Killed a hill giant
 11852 | D:11     | Reached skill level 13 in Spellcasting
 11900 | D:11     | Noticed a hill giant
 11903 | D:11     | Killed a hill giant
 11973 | D:11     | Identified Sif Muna's Grimoire of Enthralling Conjuration (Sif Muna gifted it to you on level 11 of the Dungeon)
 11973 | D:11     | Received a gift from Sif Muna
 12082 | D:11     | Reached skill level 5 in Charms
 12502 | D:12     | Found a staircase to the Orcish Mines.
 12821 | D:12     | Reached skill level 10 in Conjurations
 12836 | D:12     | Noticed a soul eater
 13015 | D:12     | Reached skill level 5 in Dodging
 13655 | D:12     | Noticed a tengu warrior
 13663 | D:12     | Killed a tengu warrior
 13663 | D:12     | Received a gift from Sif Muna
 13663 | D:12     | Reached skill level 14 in Spellcasting
 13663 | D:12     | Reached skill level 1 in Air Magic
 14097 | D:13     | Noticed a green ugly thing
 14107 | D:13     | Killed a green ugly thing
 14107 | D:13     | Reached XP level 12. HP: 46/61 MP: 7/32
 14469 | D:13     | Noticed Urug
 14685 | D:13     | Killed Urug
 14855 | D:13     | Noticed a centaur warrior
 15081 | D:13     | Killed a centaur warrior
 15402 | D:13     | Reached skill level 1 in Long Blades
 15592 | D:13     | Reached skill level 15 in Spellcasting
 16391 | D:14     | Noticed a yaktaur captain
 16712 | D:13     | Identified Delaudgh's Incunabulum of Confrontation (Sif Muna gifted it to you on level 13 of the Dungeon)
 16712 | D:13     | Received a gift from Sif Muna
 16720 | D:13     | Learned a level 3 spell: Dazzling Spray
 16849 | D:13     | Learned a level 2 spell: Throw Flame
 17329 | D:14     | Reached XP level 13. HP: 62/66 MP: 13/34
 17448 | D:14     | Found a gate to the Vaults.
 18028 | D:14     | Found a white marble altar of Elyvilon.
 18276 | D:14     | Reached skill level 16 in Spellcasting
 19476 | D:15     | Entered Level 15 of the Dungeon
 19476 | D:15     | Found a deep blue altar of Sif Muna.
 19575 | D:15     | Reached skill level 5 in Stealth
 19581 | D:15     | Noticed Josephine
 19837 | D:15     | Killed Josephine
 19837 | D:15     | Received a gift from Sif Muna
 20156 | D:15     | Noticed a dire elephant
 20567 | D:15     | Killed a dire elephant
 20737 | D:15     | Reached skill level 17 in Spellcasting
 21799 | D:15     | Reached XP level 14. HP: 52/72 MP: 3/37
 21859 | D:15     | Killed from afar by a meliai

Skill      XL: |  1  2  3  4  5  6  7  8  9 10 11 12 13 |
---------------+----------------------------------------+-----
Fire Magic     | 4 5 6 7 9 10 11 12 13 | 13.6
Dodging        | 3 4 5 6 |  6.5
Conjurations   | 2 3 5 6 7 9 10 11 13 | 13.1
Stealth        | 3 4 5 |  5.0
Spellcasting   | 4 5 7 9 11 12 14 15 17 | 17.3
Armour         | 1 |  1.4
Staves         | 2 |  2.6
Fighting       | 1 2 |  2.3
Charms         | 2 6 |  6.8
Air Magic      | 2 3 |  3.1
Long Blades    | 2 3 |  3.1
Invocations    | |  0.7

Action                   |  1- 3 |  4- 6 |  7- 9 | 10-12 | 13-15 || total
-------------------------+-------+-------+-------+-------+-------++-------
Melee: Unarmed           |     3 |       |       |       |       ||     3
       Quarterstaff      |       |       |    44 |    17 |       ||    61
       Double sword      |       |       |       |    12 |    15 ||    27
 Cast: Flame Tongue      |    38 |   177 |   318 |   311 |       ||   844
       Conjure Flame     |       |     5 |     7 |    16 |     2 ||    30
       Throw Flame       |       |    14 |    37 |    97 |   105 ||   253
       Fireball          |       |       |     6 |   158 |   128 ||   292
       Iskenderun's Batt |       |       |       |     1 |       ||     1
       Deflect Missiles  |       |       |       |     1 |     1 ||     2
       Dazzling Spray    |       |       |       |       |     8 ||     8
Invok: Divine Energy     |       |       |       |     2 |     3 ||     5
       Stop Divine Energ |       |       |       |     2 |     3 ||     5
       Forget Spell      |       |       |       |     2 |       ||     2
       Channel Magic     |       |       |       |     1 |       ||     1
  Use: Scroll            |       |     5 |     8 |    18 |     4 ||    35
       Potion            |       |       |       |     6 |     3 ||     9
 Stab: Confused          |       |       |     1 |       |       ||     1
       Invisible         |       |       |       |       |     1 ||     1
  Eat: Chunk             |       |     8 |    30 |    33 |    16 ||    87
Armor: Robe              |     3 |     6 |    24 |    46 |    19 ||    98
       Ring mail         |       |    16 |       |       |       ||    16
Dodge: Dodged            |    18 |    42 |   122 |   140 |    75 ||   397
       Deflected         |       |       |       |     4 |     7 ||    11
       Rpst.: Double sword |       |       |       |     9 |    15 ||    24
